3L
D.C. DIVIDED @ THUNDER BAY NORTHERN LIONS BC
10/15/2022
 
TOP OF THE 1ST
D.C. Divided batting - Pitching for Thunder Bay Northern Lions BC : RHP Ramón Ortega
Pitching: RHP Ramón Ortega
Batting: LHB Charles Mathes 0-0: Ground out 3-1 (Groundball, 3)
Batting: SHB Eiji Suzuki 0-0: Ball
1-0: Ball
2-0: Called Strike
2-1: Foul Ball, location: 2F
2-2: SINGLE (Groundball, 3D)
Batting: LHB Ray Sears 0-0: Grounds into double play, 1-6-3 (Groundball, 13S)
Top of the 1st over - 0 run(s), 1 hit(s), 0 error(s), 0 left on base; D.C. 0 - Thunder Bay 0
BOTTOM OF THE 1ST
Thunder Bay Northern Lions BC batting - Pitching for D.C. Divided : RHP José Alaniz
Pitching: RHP José Alaniz
Batting: SHB Arnold Griffith 0-0: Ground out 6-3 (Groundball, 6M)
Batting: LHB Pancho García 0-0: Called Strike
0-1: Fly out, F2 (Popup, 13S)
Batting: RHB Jonathan Cook 0-0: Ball
1-0: Foul Ball, location: 2F
1-1: SOLO HOME RUN (Flyball, 7LD), Distance : 368 ft
Batting: LHB John Brewer 0-0: Foul Ball, location: 2F
0-1: Ground out 3-1 (Groundball, 3)
Bottom of the 1st over - 1 run(s), 1 hit(s), 0 error(s), 0 left on base; D.C. 0 - Thunder Bay 1
TOP OF THE 2ND
D.C. Divided batting - Pitching for Thunder Bay Northern Lions BC : RHP Ramón Ortega
Batting: LHB Mike Gardner 0-0: Called Strike
0-1: Ball
1-1: Ball
2-1: Ball
3-1: Base on Balls
Batting: LHB Brad Elmore 0-0: Ball
1-0: Called Strike
1-1: Called Strike
Mike Gardner is caught stealing 2nd base
1-2: Ball
2-2: Ball
3-2: Base on Balls
Batting: RHB Lúcio López 0-0: Called Strike
Brad Elmore steals 2nd base
0-1: Swinging Strike
0-2: SINGLE (Line Drive, 6D)
Brad Elmore to third
Batting: RHB Mario Castillo 0-0: Called Strike
0-1: Called Strike
0-2: Ball
1-2: Ball
2-2: Foul Ball, location: 2F
2-2: SINGLE (Groundball, 6MD)
Brad Elmore scores
Lúcio López to second
Batting: RHB Cristo González 0-0: Called Strike
0-1: Foul Ball, location: 2F
0-2: Ground out 3-1 (Groundball, 34)
Lúcio López to third
Mario Castillo to second
Batting: RHB Brett Robinson 0-0: Called Strike
0-1: Ball
1-1: Ball
2-1: Ball
3-1: Foul Ball, location: 2F
3-2: Base on Balls
Batting: LHB Charles Mathes 0-0: Foul Ball, location: 2F
0-1: Swinging Strike
0-2: Ball
1-2: Ball
2-2: Strikes out swinging
Top of the 2nd over - 1 run(s), 2 hit(s), 0 error(s), 3 left on base; D.C. 1 - Thunder Bay 1
BOTTOM OF THE 2ND
Thunder Bay Northern Lions BC batting - Pitching for D.C. Divided : RHP José Alaniz
Batting: RHB Robert O'Connor 0-0: Called Strike
0-1: Ground out 6-3 (Groundball, 56)
Batting: SHB Carlos Rodríguez 0-0: Foul Ball, location: 2F
0-1: Called Strike
0-2: Ball
1-2: Foul Ball, location: 2F
1-2: Ground out 4-3 (Groundball, 34)
Batting: RHB Ed Whitaker 0-0: Fly out, F7 (Flyball, 7LS)
Bottom of the 2nd over - 0 run(s), 0 hit(s), 0 error(s), 0 left on base; D.C. 1 - Thunder Bay 1
TOP OF THE 3RD
D.C. Divided batting - Pitching for Thunder Bay Northern Lions BC : RHP Ramón Ortega
Batting: SHB Eiji Suzuki 0-0: Ball
1-0: Called Strike
1-1: Ball
2-1: Ball
3-1: DOUBLE (Line Drive, 78D)
Batting: LHB Ray Sears 0-0: Called Strike
0-1: Foul Ball, location: 2F
0-2: Strikes out looking
Batting: LHB Mike Gardner 0-0: Intentional Walk
Batting: LHB Brad Elmore 0-0: Fly out, F9 (Line Drive, 9M)
Batting: RHB Lúcio López 0-0: Foul Ball, location: 2F
0-1: Ball
1-1: Foul Ball, location: 2F
1-2: Ball
2-2: SINGLE (Groundball, 56)
Eiji Suzuki to third
Mike Gardner to second
Runner from 3rd tries for Home, SAFE, no throw or cutoff
Batting: RHB Mario Castillo 0-0: Ball
1-0: Swinging Strike
1-1: Ball
2-1: Ball
3-1: Called Strike
3-2: Strikes out looking
Top of the 3rd over - 1 run(s), 2 hit(s), 0 error(s), 2 left on base; D.C. 2 - Thunder Bay 1
BOTTOM OF THE 3RD
Thunder Bay Northern Lions BC batting - Pitching for D.C. Divided : RHP José Alaniz
Batting: LHB David Martínez 0-0: Called Strike
0-1: SINGLE (Groundball, 13) (infield hit)
Batting: RHB Keith Fish 0-0: Ball
1-0: Foul Ball, location: 2F
1-1: Called Strike
1-2: Ball
2-2: Ball
3-2: DOUBLE (Line Drive, 8RM)
David Martínez to third
Batting: SHB Arnold Griffith 0-0: Foul Ball, location: 2F
0-1: Called Strike
0-2: Ball
1-2: Strikes out swinging
Batting: LHB Pancho García 0-0: Swinging Strike
0-1: Called Strike
0-2: Ground out U3 (Groundball, 3)
Batting: RHB Jonathan Cook 0-0: Ball
1-0: Ball
2-0: Ball
3-0: Called Strike
3-1: SINGLE (Groundball, 6MD)
David Martínez scores
Keith Fish to third
Runner from 3rd tries for Home, SAFE, no throw or cutoff
Batting: LHB John Brewer 0-0: Foul Ball, location: 2F
0-1: Ball
1-1: Ball
2-1: Foul Ball, location: 2F
2-2: SINGLE (Flyball, 89S)
Jonathan Cook to second
Runner from 2nd tries for 3rd, SAFE, throw made to third
Batting: RHB Robert O'Connor 0-0: Called Strike
0-1: Ball
1-1: Fly out, F8 (Flyball, 8RM)
Bottom of the 3rd over - 2 run(s), 4 hit(s), 0 error(s), 2 left on base; D.C. 2 - Thunder Bay 3
TOP OF THE 4TH
D.C. Divided batting - Pitching for Thunder Bay Northern Lions BC : RHP Ramón Ortega
Batting: RHB Cristo González 0-0: Ball
1-0: Ball
2-0: Called Strike
2-1: Fly out, F8 (Flyball, 8LS)
Batting: RHB Brett Robinson 0-0: Called Strike
0-1: Ball
1-1: Ball
2-1: Ball
3-1: Base on Balls
Batting: LHB Charles Mathes 0-0: Swinging Strike
0-1: Ball
1-1: Ball
2-1: Foul Ball, location: 2F
2-2: Strikes out swinging
Batting: SHB Eiji Suzuki 0-0: Ball
1-0: Ball
2-0: Called Strike
2-1: Ball
3-1: Base on Balls
Brett Robinson to second
Batting: LHB Ray Sears 0-0: Called Strike
0-1: 3-RUN HOME RUN (Flyball, 9LD), Distance : 332 ft
Batting: LHB Mike Gardner 0-0: Ball
1-0: Ball
2-0: Ball
3-0: Called Strike
3-1: Called Strike
3-2: Foul Ball, location: 2F
3-2: Fly out, F2 (Popup, 25F)
Top of the 4th over - 3 run(s), 1 hit(s), 0 error(s), 0 left on base; D.C. 5 - Thunder Bay 3
BOTTOM OF THE 4TH
Thunder Bay Northern Lions BC batting - Pitching for D.C. Divided : RHP José Alaniz
Batting: SHB Carlos Rodríguez 0-0: Ball
1-0: Ball
2-0: Foul Ball, location: 2F
2-1: SINGLE (Flyball, 8LS)
Batting: RHB Ed Whitaker 0-0: Ball
1-0: Ball
2-0: Swinging Strike
2-1: Fly out, F5 (Popup, 5DF)
Batting: LHB David Martínez 0-0: Ball
1-0: Foul Ball, location: 2F
1-1: Fly out, F8 (Flyball, 8LM)
Batting: RHB Keith Fish 0-0: Called Strike
0-1: Foul Ball, location: 2F
0-2: Ball
1-2: Foul Ball, location: 2F
1-2: Fly out, F8 (Line Drive, 8LM)
Bottom of the 4th over - 0 run(s), 1 hit(s), 0 error(s), 1 left on base; D.C. 5 - Thunder Bay 3
TOP OF THE 5TH
D.C. Divided batting - Pitching for Thunder Bay Northern Lions BC : RHP Ramón Ortega
Batting: LHB Brad Elmore 0-0: Ball
1-0: Swinging Strike
1-1: Foul Ball, location: 2F
1-2: Ball
2-2: Strikes out swinging
Batting: RHB Lúcio López 0-0: Ball
1-0: Foul Ball, location: 2F
1-1: Foul Ball, location: 2F
1-2: Ball
2-2: Fly out, F9 (Flyball, 9M)
Batting: RHB Mario Castillo 0-0: Ground out 5-3 (Groundball, 5L)
Top of the 5th over - 0 run(s), 0 hit(s), 0 error(s), 0 left on base; D.C. 5 - Thunder Bay 3
BOTTOM OF THE 5TH
Thunder Bay Northern Lions BC batting - Pitching for D.C. Divided : RHP José Alaniz
Batting: SHB Arnold Griffith 0-0: Ground out U3 (Groundball, 3)
Batting: LHB Pancho García 0-0: Called Strike
0-1: SINGLE (Groundball, 3D)
Batting: RHB Jonathan Cook 0-0: Called Strike
0-1: Grounds into double play, 1-6-3 (Groundball, 13S)
Bottom of the 5th over - 0 run(s), 1 hit(s), 0 error(s), 0 left on base; D.C. 5 - Thunder Bay 3
TOP OF THE 6TH
D.C. Divided batting - Pitching for Thunder Bay Northern Lions BC : RHP Ramón Ortega
Batting: RHB Cristo González 0-0: Ball
1-0: Swinging Strike
1-1: Swinging Strike
1-2: Foul Ball, location: 2F
1-2: Ball
2-2: Strikes out swinging
Batting: RHB Brett Robinson 0-0: Fly out, F9 (Flyball, 9D)
Batting: LHB Charles Mathes 0-0: SINGLE (Line Drive, 4MD)
Batting: SHB Eiji Suzuki 0-0: Foul Ball, location: 2F
0-1: Ball
1-1: Called Strike
1-2: Foul Ball, location: 2F
1-2: Foul Ball, location: 2F
1-2: Strikes out looking
Top of the 6th over - 0 run(s), 1 hit(s), 0 error(s), 1 left on base; D.C. 5 - Thunder Bay 3
BOTTOM OF THE 6TH
Thunder Bay Northern Lions BC batting - Pitching for D.C. Divided : RHP José Alaniz
Batting: LHB John Brewer 0-0: Ball
1-0: Ball
2-0: Ball
3-0: Called Strike
3-1: Ground out 4-3 (Groundball, 4)
Batting: RHB Robert O'Connor 0-0: Swinging Strike
0-1: Ground out 6-3 (Groundball, 56)
Batting: SHB Carlos Rodríguez 0-0: Ball
1-0: Ball
2-0: Ball
3-0: Called Strike
3-1: Swinging Strike
3-2: Base on Balls
Batting: RHB Ed Whitaker 0-0: Called Strike
0-1: Foul Ball, location: 2F
0-2: Foul Ball, location: 2F
0-2: Ball
1-2: Fly out, F8 (Flyball, 8RM)
Bottom of the 6th over - 0 run(s), 0 hit(s), 0 error(s), 1 left on base; D.C. 5 - Thunder Bay 3
TOP OF THE 7TH
D.C. Divided batting - Pitching for Thunder Bay Northern Lions BC : RHP Ramón Ortega
Batting: LHB Ray Sears 0-0: Ball
1-0: SOLO HOME RUN (Flyball, 89XD), Distance : 415 ft
Batting: LHB Mike Gardner 0-0: Foul Ball, location: 2F
0-1: Ball
1-1: Ball
2-1: Ground out U3 (Groundball, 3L)
Pitching: RHP Christian Pitts
Batting: LHB Brad Elmore 0-0: Called Strike
0-1: Foul Ball, location: 2F
0-2: Ball
1-2: Ball
2-2: Foul Ball, location: 2F
2-2: Foul Ball, location: 2F
2-2: Strikes out looking
Batting: RHB Lúcio López 0-0: Ball
1-0: Ground out 6-3 (Groundball, 6)
Top of the 7th over - 1 run(s), 1 hit(s), 0 error(s), 0 left on base; D.C. 6 - Thunder Bay 3
BOTTOM OF THE 7TH
Thunder Bay Northern Lions BC batting - Pitching for D.C. Divided : RHP José Alaniz
Batting: LHB David Martínez 0-0: Ball
1-0: Foul Ball, location: 2F
1-1: DOUBLE (Line Drive, 8RM)
Batting: RHB Keith Fish 0-0: Ball
1-0: Ball
2-0: Called Strike
2-1: Ball
3-1: Called Strike
3-2: Strikes out looking
Batting: SHB Arnold Griffith 0-0: Ball
1-0: Ball
2-0: Fly out, F7 (Line Drive, 7M)
Batting: LHB Pancho García 0-0: Swinging Strike
0-1: Ball
1-1: Ball
2-1: Foul Ball, location: 2F
2-2: DOUBLE (Line Drive, 3D)
David Martínez scores
Batting: RHB Jonathan Cook 0-0: Called Strike
0-1: Ball
1-1: Fly out, F8 (Flyball, 8LM)
Bottom of the 7th over - 1 run(s), 2 hit(s), 0 error(s), 1 left on base; D.C. 6 - Thunder Bay 4
TOP OF THE 8TH
D.C. Divided batting - Pitching for Thunder Bay Northern Lions BC : RHP Christian Pitts
Batting: RHB Mario Castillo 0-0: Called Strike
0-1: Ground out 6-3 (Groundball, 6)
Batting: RHB Cristo González 0-0: Called Strike
0-1: Ground out 5-3 (Groundball, 5L)
Batting: RHB Brett Robinson 0-0: Ball
1-0: SINGLE (Line Drive, 78S)
Batting: LHB Charles Mathes 0-0: Foul Ball, location: 2F
0-1: Foul Ball, location: 2F
0-2: Ground out 4-3 (Groundball, 4)
Top of the 8th over - 0 run(s), 1 hit(s), 0 error(s), 1 left on base; D.C. 6 - Thunder Bay 4
BOTTOM OF THE 8TH
Thunder Bay Northern Lions BC batting - Pitching for D.C. Divided : RHP José Alaniz
Batting: LHB John Brewer 0-0: Called Strike
0-1: Ball
1-1: DOUBLE (Line Drive, 9LS)
Batting: RHB Robert O'Connor 0-0: Called Strike
0-1: Ball
1-1: Foul Ball, location: 2F
1-2: SINGLE (Flyball, 9LS)
John Brewer to third
Batting: SHB Carlos Rodríguez 0-0: Ball
1-0: Ground out 4-3 (Groundball, 4M)
John Brewer scores
Robert O'Connor to second
Pinch Hitting: LHB Pedro Willis 0-0: Ball
1-0: Called Strike
1-1: Ground out 4-3 (Groundball, 4)
Robert O'Connor to third
Pinch Hitting: LHB Curtis Peters 0-0: Ground out 4-3 (Groundball, 34)
Bottom of the 8th over - 1 run(s), 2 hit(s), 0 error(s), 1 left on base; D.C. 6 - Thunder Bay 5
TOP OF THE 9TH
D.C. Divided batting - Pitching for Thunder Bay Northern Lions BC : RHP Christian Pitts
Pitching: RHP José Ramos
Now at 2B: Curtis Peters
Now at 3B: Iván Vargas
Batting: SHB Eiji Suzuki 0-0: Called Strike
0-1: Ground out 4-3 (Groundball, 4M)
Batting: LHB Ray Sears 0-0: Ball
1-0: Ball
2-0: Ball
3-0: Base on Balls
Batting: LHB Mike Gardner 0-0: Called Strike
0-1: Ball
1-1: Called Strike
1-2: Foul Ball, location: 2F
1-2: Foul Ball, location: 2F
1-2: Ball
2-2: Foul Ball, location: 2F
2-2: 2-RUN HOME RUN (Flyball, 78XD), Distance : 411 ft
Batting: LHB Brad Elmore 0-0: Foul Ball, location: 2F
0-1: Called Strike
0-2: Ground out U3 (Groundball, 3S)
Batting: RHB Lúcio López 0-0: Ball
1-0: Reached on error, E6 (Groundball, 6)
Batting: RHB Mario Castillo 0-0: Ball
1-0: SINGLE (Flyball, 89S)
Lúcio López to second
Batting: RHB Cristo González 0-0: Reached on error, E2 (Groundball, 2R)
Lúcio López scores
Mario Castillo to third
Batting: RHB Brett Robinson 0-0: Called Strike
0-1: Ball
1-1: Foul Ball, location: 2F
1-2: Fly out, F3 (Line Drive, 3)
Top of the 9th over - 3 run(s), 2 hit(s), 2 error(s), 2 left on base; D.C. 9 - Thunder Bay 5
BOTTOM OF THE 9TH
Thunder Bay Northern Lions BC batting - Pitching for D.C. Divided : RHP José Alaniz
Batting: RHB Keith Fish 0-0: Called Strike
0-1: Ball
1-1: Swinging Strike
1-2: Ground out 6-3 (Groundball, 6)
Batting: SHB Arnold Griffith 0-0: Fly out, F9 (Flyball, 9D)
Batting: LHB Pancho García 0-0: Ground out U3 (Groundball, 3)
Bottom of the 9th over - 0 run(s), 0 hit(s), 0 error(s), 0 left on base; D.C. 9 - Thunder Bay 5
This league is powered by Out of the Park Baseball, the baseball management simulation game for PC, Mac and Linux
Friday, April 15th, 2016 - OOTP Baseball 16.9 Build 39